 Dungeon Crawl Stone Soup version 0.29.0-13-gc9e81de378 (webtiles) character file.

Game seed: 14276963567932373335

482 iguanaiguana the Chopper (level 6, -6/56 HPs)
             Began as a Minotaur Fighter on Sept 7, 2022.
             Was a Follower of Okawaru.
             Mangled by a mummy (8 damage)
             ... in an ossuary.
             The game lasted 00:01:39 (2837 turns).

iguanaiguana the Chopper (Minotaur Fighter)         Turns: 2837, Time: 00:01:40

Health: -6/56      AC: 11    Str: 22    XL:     6   Next: 87%
Magic:  6/6        EV:  9    Int:  5    God:    Okawaru [*.....]
Gold:   268        SH:  5    Dex: 10    Spells: 5/5 levels left

rFire   . . .      SeeInvis .   a - +0 war axe
rCold   + . .      Faith    .   c - +0 buckler
rNeg    . . .      Spirit   .   b - +0 scale mail
rPois   .          Reflect  .   (helmet restricted)
rElec   .          Harm     .   (no cloak)
rCorr   .          Rampage  .   (no gloves)
Will    .....                   (no boots)
Stlth   ..........              (no amulet)
HPRegen 0.18/turn               y - +4 ring of protection
MPRegen 0.10/turn               v - ring of protection from cold

@: mighty
A: horns 2, retaliatory headbutt
a: Renounce Religion, Heroism


You were in an ossuary.
You worshipped Okawaru.
Okawaru was aware of your devotion.
You visited 1 branch of the dungeon, and saw 5 of its levels.
You also visited: Ossuary.

You collected 268 gold pieces.

Inventory:

Hand Weapons
 a - a +0 war axe (weapon)
Missiles
 l - 5 boomerangs (quivered)
Armour
 b - a +0 scale mail (worn)
 c - a +0 buckler (worn)
Jewellery
 v - a ring of protection from cold (right hand)
 y - a +4 ring of protection (left hand)
Scrolls
 f - 4 scrolls of identify {unknown}
 i - a scroll of teleportation {unknown}
 k - a scroll of enchant armour {unknown}
 o - a scroll of amnesia {unknown}
 p - a scroll of blinking {unknown}
 r - a scroll of poison {unknown}
 s - a scroll of torment {unknown}
 t - 2 scrolls of enchant weapon {unknown}
 w - a scroll of noise {unknown}
Potions
 d - a potion of might {@q3}
 e - 3 potions of curing {unknown}
 g - a potion of lignification {unknown}
 h - 2 potions of mutation {unknown}
 j - 2 potions of cancellation {unknown}
 m - 3 potions of resistance {unknown}
 n - a potion of haste {@q4}
 q - a potion of flight {unknown}
 u - a potion of magic {unknown}
 x - 2 potions of attraction {unknown}
 z - a potion of ambrosia {unknown}
 A - a potion of degeneration {unknown}


   Skills:
 + Level 5.0 Fighting
 * Level 5.4 Axes
 * Level 1.7 Throwing
 + Level 5.1 Armour
 + Level 5.0 Shields
 * Level 2.0 Invocations


You had 5 spell levels left.
You didn't know any spells.
Your spell library contained the following spells:

 Spells                   Type           Power      Damage    Failure   Level
 Sublimation of Blood     Necr           0%         N/A       95%         2
 Petrify                  Tmut/Erth      0%         N/A       100%        4
 Irradiate                Conj/Tmut      0%         3d11      100%        5


Dungeon Overview and Level Annotations

Branches:
Dungeon (5/15) Zot: 26964 Ossuary (1/1) Zot: 5823
 Temple: D:4-7

Altars:
Okawaru
Wu Jian


Innate Abilities, Weirdness & Mutations

You have a pair of horns on your head.
You reflexively headbutt those who attack you in melee.


Message History

You are too injured to fight recklessly!
You are too injured to fight recklessly!
There are monsters nearby!
You are too injured to fight recklessly!
You are too injured to fight recklessly!
You are too injured to fight recklessly!
Menkaure says, "Why can't you leave me to my rest?"
You feel very mighty all of a sudden.
You barely miss Menkaure. You barely miss the mummy. Menkaure hits you!
* * * LOW HITPOINT WARNING * * *
You slash Menkaure!
Menkaure is moderately damaged.
You hit the mummy. You slice Menkaure!!
You destroy Menkaure!
Okawaru is honoured by your kill.
You can now gain great but temporary skills.
You slash the mummy!
You destroy the mummy!
Your Armour skill increases to level 5!
You hit the mummy.
You destroy the mummy!
Your Shields skill increases to level 5!
Your Invocations skill increases to level 2!
You slash the mummy!
The mummy is almost destroyed.
You completely miss the mummy.
The mummy is almost destroyed.
The mummy hits you.
* * * LOW HITPOINT WARNING * * *
You barely miss the mummy.
The mummy is almost destroyed.
The mummy hits you!
* * * LOW HITPOINT WARNING * * *
You slash the mummy!
You destroy the mummy!
Your Fighting skill increases to level 5!
There is a click, and some walls slide away!
The mummy hits you!
You die...

#..# ....... #..+ .........
#..# ....!!!.. #..#
...??$??.
#..########..?$∩$!.
#..'.#.......?!$?!.
#..#.#........?!?..
#..#.'....'M.......
#..###.....@.......
#..'.####......#...##
#..#.#.........#....# #
#..#.'....#....#....# +
#..###....#....#....# ###
#..'.#....#....#....# #.#
#..#.########'##'#########.#
#..#...#...#...#...#...#...#
#..#####'###'###'###'###'###


You could see a mummy.

Vanquished Creatures
  Menkaure (Ossuary)
  A scorpion (D:5)
  A centaur zombie (Ossuary)
  A hound (D:4)
  3 mummies (Ossuary)
  5 adders
  4 gnolls
  4 adder zombies (Ossuary)
  4 dart slugs
  4 bats
  9 endoplasms
  5 giant cockroaches
  A gnoll zombie (Ossuary)
  17 goblins
  5 hobgoblins
  10 jackals
  6 kobolds
  2 quokkas (D:1)
  3 ball pythons
  5 frilled lizards
  A goblin zombie (Ossuary)
  A hobgoblin zombie (Ossuary)
  6 rats
  3 rat zombies (Ossuary)
102 creatures vanquished.

Notes
Turn   | Place    | Note
-------+----------+-------------------------------------------
     0 | D:1      | iguanaiguana the Minotaur Fighter began the quest for the
                  | Orb.
     0 | D:1      | Reached XP level 1. HP: 19/19 MP: 0/0
   148 | D:1      | Reached XP level 2. HP: 27/27 MP: 1/1
   565 | D:1      | Reached XP level 3. HP: 33/33 MP: 2/2
   779 | D:2      | Found a faded altar of an unknown god.
  1189 | D:2      | Reached XP level 4. HP: 40/40 MP: 3/3
  1812 | D:3      | Found an iron altar of Okawaru.
  1824 | D:3      | Became a worshipper of Warmaster Okawaru
  1946 | D:3      | Found an ornate altar of the Wu Jian Council.
  2237 | D:4      | Reached XP level 5. HP: 47/47 MP: 4/4
  2638 | D:5      | Entered Level 5 of the Dungeon
  2646 | D:5      | Reached skill level 5 in Axes
  2646 | D:5      | Reached skill level 1 in Invocations
  2646 | D:5      | Reached XP level 6. HP: 52/53 MP: 5/5
  2662 | D:5      | Found a sand-covered staircase.
  2674 | Ossuary  | Entered an ossuary
  2806 | Ossuary  | Reached skill level 1 in Throwing
  2820 | Ossuary  | Noticed Menkaure
  2830 | Ossuary  | Killed Menkaure
  2830 | Ossuary  | Reached * piety under Okawaru
  2831 | Ossuary  | Reached skill level 5 in Armour
  2832 | Ossuary  | Reached skill level 5 in Shields
  2834 | Ossuary  | HP: 1/55 [mummy (14)]
  2836 | Ossuary  | Reached skill level 5 in Fighting
  2837 | Ossuary  | Mangled by a mummy

Illustrated notes

Levels and vault maps discovered:
D:1:      heliophobic_arrival_henge, layout_rooms, serial_curves,
          eino_curves_04, eino_curves_04, minmay_split_cup_small
D:2:      minmay_razor_zed, layout_loops_corners,
          dreamdust_ecumenical_altar_grove
D:3:      layout_rooms, mainiacjoe_overflow_large_starburst, solitary_fountain,
          hangedman_decor_slide_cut
D:4:      kennysheep_the_goblin_king, layout_rooms, dk_vineyard_2
D:5:      layout_rooms, enter_ossuary_4, chequers_serial_rivers_micro_e,
          wad_floor_pattern_1
Ossuary:  ossuary_boxes_badplayer

Skill      XL: |  1  2  3  4  5  6 |
---------------+-------------------+-----
Axes           | 3 4 5 |  5.4
Shields        | 4 5 |  5.0
Fighting       | 4 5 |  5.0
Armour         | 4 5 |  5.1
Invocations    | 1 2 |  2.0
Throwing       | 1 |  1.7

Action                   |  1- 3 |  4- 6 || total
-------------------------+-------+-------++-------
Melee: War axe           |    83 |   126 ||   209
       Headbutt          |     8 |    19 ||    27
  Use: Potion            |       |     1 ||     1
Armor: Scale mail        |    53 |    57 ||   110
Dodge: Dodged            |    46 |    55 ||   101
Block: Buckler           |    20 |    19 ||    39
